 Dungeon Crawl Stone Soup version 0.31-a0-246-g8cbcc1cb85 (webtiles) character file.

Game seed: 524312793051858652

42 qw the Shooter (level 3, -3/21 HPs)
             Began as a Gargoyle Hexslinger on July 12, 2023.
             Killed by divine providence
             ... invoked by an orc priest
              (10 damage)
             ... on level 3 of the Dungeon.
             The game lasted 00:00:25 (1319 turns).

qw the Shooter (Gargoyle Hexslinger)                Turns: 1319, Time: 00:00:26

Health: -3/21      AC:  7    Str:  9    XL:     3   Next: 56%
Magic:  4/4        EV: 11    Int: 13    God:
Gold:   51         SH:  0    Dex: 14    Spells: 3/4 levels left

rFire   + . .        g - +1 sling (heavy)
rCold   . . .        (no shield)
rNeg    + . .        e - +0 leather armour
rPois   inf          b - +1 hat
rElec   +            (no cloak)
rCorr   .            (no gloves)
SInv    .            (no boots)
Will    .....        (no amulet)
Stlth   +            (no ring)
HPRegen 0.23/turn    (no ring)
MPRegen 0.09/turn

%: no passive effects
@: no status effects
A: sickness immunity, AC +3, negative energy resistance 1, electricity
resistance, torment resistance 1, petrification resistance, fire resistance 1,
weak 1
a: no special abilities


You were on level 3 of the Dungeon.
You visited 1 branch of the dungeon, and saw 3 of its levels.

You collected 51 gold pieces.


Innate Abilities, Weirdness & Mutations

You are immune to sickness and miasma.
Your stone body is resilient. (AC +3)
You are immune to poison.
You resist negative energy. (rN+)
You are resistant to electric shocks. (rElec)
You are resistant to unholy torment.
You are immune to petrification.
Your flesh is heat resistant. (rF+)
You are weak. (Str -2)


   Skills:
 - Level 2.0 Fighting
 + Level 3.5 Ranged Weapons
 - Level 1.5 Dodging
 - Level 1.0 Spellcasting
 - Level 2.6 Hexes


You had 3 spell levels left.
You knew the following spells:

 Your Spells              Type           Power      Damage    Failure   Level
a - Slow                  Hex            28%        N/A       13%         1

Your spell library contained the following spells:

 Spells                   Type           Power      Damage    Failure   Level
 Inner Flame              Hex/Fire       4%         N/A       56%         3
 Portal Projectile        Hex/Tloc       8%         N/A       56%         3
 Cause Fear               Hex            3%         N/A       78%         4

Inventory:

Hand Weapons
 g - a +1 heavy sling (weapon)
Armour
 b - a +1 hat (worn)
 e - a +0 leather armour (worn)
Scrolls
 f - a scroll of identify
 h - 2 scrolls of brand weapon
Potions
 a - a potion of curing {unknown}
 c - a potion of heal wounds {unknown}
 d - a potion of ambrosia {unknown}
 i - a potion of mutation
 j - a potion of haste
 k - 2 potions of enlightenment

Dungeon Overview and Level Annotations

Branches:
Dungeon (3/15)

Altars:


Message History

Found a chain mail.
Enter note:
Enter note:
Enter note: A kobold and an orc priest come into view.
The orc priest moves out of view.
Enter note:
Enter note:
Enter note: You shoot a sling bullet.
The sling bullet hits the kobold.
You kill the kobold!
You hear a shout!
An orc comes into view. It is wielding a +0 club.
You hear a shout!
You shoot a sling bullet.
The sling bullet barely misses the orc priest.
You hear a shout!
The orc priest hits you with a +0 falchion.
The orc priest hits you but does no damage.
You shoot a sling bullet. The sling bullet hits the orc priest!
The orc priest is almost dead.
The orc hits you with a +0 club.
An orc comes into view. It is wielding a +0 club.
The orc priest hits you with a +0 falchion.
The orc misses you.
The orc moves out of view.
You shoot a sling bullet.
The sling bullet closely misses the orc priest.
The orc hits you but does no damage.
The orc priest hits you but does no damage.
The orc hits you but does no damage.
The orc priest begins to cast a cantrip, but forgets the words!
You shoot a sling bullet.
The sling bullet barely misses the orc priest.
The orc hits you but does no damage.
The orc priest hits you but does no damage.
The orc throws a boomerang.
The boomerang barely misses you. The orc hits you with a +0 club.
The orc priest mumbles some strange prayers to Beogh against you.
Beogh smites you!
You die...

## # ##
.## #.#.
.. #.#.#)
####..o##
#....o@o#
#.###.#.#
#...#
###.#
#.#####.#
#.
#...[...#
#####.
#######.#
....(.##
#.##
##.....##
#..##
##.......#


You could see an orc priest and 2 orcs.

Vanquished Creatures
  An adder (D:2)
  5 ball pythons
  An endoplasm (D:1)
  A giant cockroach (D:2)
  3 goblins
  7 hobgoblins
  3 quokkas
  A bat (D:2)
  A frilled lizard (D:3)
  5 kobolds
  A rat (D:1)
29 creatures vanquished.

Notes
Turn   | Place    | Note
-------+----------+-------------------------------------------
     0 | D:1      | qw the Gargoyle Hexslinger began the quest for the Orb.
     0 | D:1      | Reached XP level 1. HP: 12/12 MP: 2/2
     0 | D:1      | 0 ||| qw: Version: 0.3-a-52-g30416fa
     0 | D:1      | 0 ||| qw: Game counter: 6568
     0 | D:1      | 0 ||| qw: Melee chars always use a shield: true
     0 | D:1      | 0 ||| qw: God list: Okawaru
     0 | D:1      | 0 ||| qw: Allow faded altars: false
     0 | D:1      | 0 ||| qw: Do Orc after clearing Dungeon:15 true
     0 | D:1      | 0 ||| qw: Do second Lair branch before Depths: true
     0 | D:1      | 0 ||| qw: Lair rune preference: random
     0 | D:1      | 0 ||| qw: Goals: Normal
     0 | D:1      | 0 ||| PLANNING D:1-11
   282 | D:1      | Reached XP level 2. HP: 16/16 MP: 3/3
   441 | D:1      | Found a faded altar of an unknown god.
   724 | D:1      | 724 ||| READING scroll labelled JINABU EMIVITUIT.
   725 | D:1      | 725 ||| READING scroll labelled NANYNTA ENAIKK.
   726 | D:1      | 726 ||| READING scroll labelled DEYCUANYCH.
   727 | D:1      | 727 ||| READING scroll labelled JIETEC CADE MOOQ.
   728 | D:1      | 728 ||| READING scroll labelled VEKETSYKHI.
   729 | D:1      | 729 ||| DRINKING 2 metallic white potions.
   729 | D:1      | Gained mutation: You are weak. (Str -2) [potion of
                  | mutation]
   729 | D:1      | Gained mutation: Your flesh is heat resistant. (rF+)
                  | [potion of mutation]
   730 | D:1      | 730 ||| DRINKING 2 silvery potions.
   731 | D:1      | 731 ||| DROPPING scroll of poison.
   796 | D:2      | Reached skill level 3 in Ranged Weapons
   933 | D:2      | Reached XP level 3. HP: 21/21 MP: 4/4
  1149 | D:2      | 1149 ||| UPGRADING to +1 hat.
  1154 | D:2      | 1154 ||| UPGRADING to +0 leather armour.
  1164 | D:2      | 1164 ||| DROPPING +0 robe.
  1165 | D:2      | 1165 ||| READING scroll labelled IDUNANNUPRU.
  1166 | D:2      | 1166 ||| DRINKING 3 murky red potions.
  1319 | D:3      | Killed from afar by an orc priest

Levels and vault maps discovered:
D:1:      co_arrival_random_square_maze, layout_basic,
          shapermc_ecumenical_altar_starsandcircs, kennysheep_doodads,
          minmay_pentomino_o4
D:2:      layout_rooms
D:3:      layout_loops_corners, serial_shops, shop, uniq_robin

Skill      XL: |  1  2 |
---------------+-------+-----
Ranged Weapons | 3 |  3.5
Fighting       | 2 |  2.0
Dodging        | |  1.5
Spellcasting   | |  1.0
Hexes          | |  2.6

Action                     || total
---------------------------++-------
   Fire: Sling             ||    66
    Use: Scroll            ||     6
         Potion            ||     3
 Armour: Robe              ||     9
         Leather armour    ||     7
  Dodge: Dodged            ||    21

Table legend:
 A = Non-vault XP
 B = Vault XP
 C = Vault XP percentage of total XP
 D = Non-vault monster count
 E = Vault monster count
 F = Vault count percentage of total count
                 A         B        C        D         E       F
            +---------+---------+-------+---------+---------+-------
      Total |      57 |       4 |   6.6 |      27 |       2 |   6.9
            +---------+---------+-------+---------+---------+-------
        D:1 |      12 |       4 |  25.0 |       7 |       2 |  22.2
        D:2 |      38 |       0 |   0.0 |      15 |       0 |   0.0
        D:3 |       7 |       0 |   0.0 |       5 |       0 |   0.0
            +---------+---------+-------+---------+---------+-------
